Map: Galactic Process LE

Players

TaeHoon

  • Race: Terran Terran

TokenSTradeR - Winner!

  • Race: Terran Terran
  • League: Gold

VOD

Have the link to the VOD?

Description

TvT Mech vs Bio. Bio comeback.

Time

  • Played on: Aug. 3, 2016, 7:04 a.m.
  • Length: 19:41
Show
View Real Time Build Order
Export as new Build Order

TaeHoon Terran 

Build Orders:  

Get SALT Encoding   

  12  0:01  SCV  
  13  0:16  Supply Depot  
  13  0:18  SCV  
  14  0:30  SCV  
  15  0:38  Barracks  
  15  0:41  Refinery  
  15  0:46  SCV  
  16  0:56  Refinery  
  16  0:58  SCV  
  17  1:10  SCV  
  18  1:22  SCV  
  19  1:26  Reaper  
  19  1:28  Supply Depot  
  20  1:34  SCV  
  21  1:46  SCV  
  22  1:47  Factory  
  22  1:58  SCV  
  23  2:02  Marine  
  24  2:11  Orbital Command  
  24  2:20  Marine  
  25  2:33  Factory Tech Lab  
  25  2:35  Starport  
  25  2:38  Marine  
  26  2:48  SCV  
  27  2:58  Marine  
  27  2:59  Siege Tank  
  27  3:01  SCV  
  31  3:07  Supply Depot  
  31  3:13  Starport Reactor  
  31  3:14  Supply Depot  
  31  3:20  Factory  
  31  3:29  SCV, Barracks Reactor  
  31  3:31  Supply Depot  
  32  3:40  Siege Tank  
  32  3:41  SCV  
  36  3:50  Viking  
  36  3:53  SCV  
  39  4:03  Factory Reactor  
  39  4:05  Viking  
  41  4:11  SCV  
  42  4:20  Hellion  
  42  4:23  SCV  
  45  4:34  Marine x2  
  45  4:35  SCV  
  48  4:40  Bunker  
  48  4:42  Hellion  
  50  4:47  SCV, Viking  
  50  4:49  Hellion  
  55  5:09  Supply Depot  
  55  5:31  SCV, Hellion, Siege Tank  
  61  5:43  SCV  
  62  5:53  Command Center  
  62  5:55  SCV  
  63  6:18  Infernal Pre-Igniter  
  63  6:52  Supply Depot  
  63  7:05  SCV, Hellion x2, Siege Tank  
  71  7:17  SCV  
  72  7:26  Hellion  
  72  7:28  Hellion  
  72  7:29  SCV  
  77  7:30  Viking  
  79  7:37  Siege Tank  
  79  7:41  SCV  
  80  7:48  Hellion  
  80  7:50  Hellion  
  84  7:52  Engineering Bay  
  84  7:53  SCV  
  85  8:05  SCV  
  86  8:09  Supply Depot  
  86  8:13  Supply Depot  
  86  8:19  Armory  
  86  8:23  Missile Turret  
  86  8:31  SCV, Siege Tank  
  90  8:43  SCV  
  91  9:00  SCV  
  92  9:03  Siege Tank  
  92  9:04  Supply Depot  
  92  9:06  Factory  
  95  9:11  Factory  
  95  9:15  Terran Vehicle Weapons Level 1  
  95  9:17  Hellion x2  
  99  9:29  Orbital Command  
  99  9:30  Refinery  
  99  9:33  Refinery  
  99  9:35  Siege Tank  
  102  9:43  Command Center  
  102  9:45  Hellion  
  104  9:46  SCV  
  105  9:59  Factory Tech Lab  
  105  10:07  Siege Tank  
  105  10:09  Viking  
  105  10:12  Missile Turret  
  110  10:25  Supply Depot  
  110  10:31  Supply Depot  
  110  10:47  SCV x2, Viking, Siege Tank  
  117  10:59  SCV x2  
  119  11:11  SCV  
  120  11:17  Hellion x2, Siege Tank  
  127  11:19  Factory Reactor, Siege Tank  
  127  11:20  Factory  
  127  11:22  Orbital Command  
  127  11:23  SCV x2  
  132  11:33  Supply Depot  
  132  11:35  SCV x2  
  134  11:47  SCV x2  
  134  11:49  Siege Tank  
  139  11:59  SCV  
  140  12:12  Hellion  
  139  12:42  Hellion, Siege Tank  
  139  12:43  Hellion  
  146  12:48  Factory Tech Lab  
  140  13:14  Siege Tank  
  141  13:39  SCV  
  142  13:42  SCV  
  142  13:44  Refinery  
  142  13:45  Refinery  
  143  13:55  Hellion, Siege Tank  
  148  13:56  Factory Tech Lab  
  148  13:57  Hellion x8  
  148  13:58  Factory  
  148  13:59  Command Center  
  148  14:07  Command Center  
  148  14:09  Viking x2  
  148  14:15  Hellion x2  
  148  14:16  Siege Tank  
  147  14:24  Hellion x2  
  136  14:27  Siege Tank  
  139  14:50  Factory Reactor  
  139  14:51  Supply Depot  
  139  15:11  Viking x2, Siege Tank x2  
  139  15:13  Command Center, Orbital Command, SCV  
  150  15:19  Orbital Command  
  150  15:36  SCV  
  151  15:48  SCV  
  152  15:56  Orbital Command  
  152  16:00  SCV  
  153  16:07  Viking  
  153  16:08  Viking  
  157  16:37  Viking  
  88  16:49  Hellion x3, Siege Tank x2  
  88  16:50  Hellion  
  88  16:51  Hellion x2  
  88  16:52  Siege Tank  
  101  17:06  SCV  
  101  17:10  Hellion  
  101  17:11  Hellion x3  
  101  17:13  Hellion  
  103  17:18  SCV  
  103  17:21  Siege Tank x2  
  81  17:34  Hellion, Siege Tank  
  81  17:35  Hellion x5  
  95  17:48  Orbital Command  
  95  17:53  Siege Tank x2  
  95  17:56  Hellion x4  
  109  18:06  Siege Tank  
  112  18:13  Missile Turret  
  112  18:14  Viking x2  
  116  18:22  SCV  
  104  18:34  SCV  
  93  18:44  Viking x2  
  93  18:48  Orbital Command  
  97  18:52  Hellion x2  
  97  18:53  Hellion  
Show
View Real Time Build Order
Export as new Build Order

TokenSTradeR Terran - Winner!

Build Orders: Reaper Expand, Bio Tank 

Get SALT Encoding   

  12  0:00  SCV  
  13  0:12  SCV  
  14  0:17  Supply Depot  
  14  0:25  SCV  
  15  0:29  Refinery  
  15  0:39  SCV  
  16  0:46  Barracks  
  16  0:51  SCV  
  17  1:04  SCV  
  18  1:17  SCV  
  19  1:36  Orbital Command  
  19  1:38  Reaper  
  20  1:51  Command Center  
  20  2:07  SCV  
  20  2:09  Refinery  
  20  2:12  Marine  
  21  2:19  Factory  
  21  2:23  Supply Depot  
  21  2:25  SCV  
  22  2:36  Marine  
  22  2:37  SCV  
  23  2:49  SCV  
  25  3:05  Factory Tech Lab  
  25  3:06  Barracks Reactor  
  24  3:17  Barracks  
  24  3:24  Siege Tank  
  27  3:27  SCV  
  28  3:37  Supply Depot  
  28  3:48  SCV  
  28  3:51  Marine x2  
  31  3:57  Engineering Bay x2  
  31  4:01  Orbital Command  
  31  4:02  SCV  
  32  4:06  Barracks Tech Lab  
  32  4:08  Siege Tank  
  35  4:13  Marine  
  35  4:14  Marine  
  37  4:22  SCV  
  38  4:30  Marine  
  39  4:31  Marine  
  39  4:32  Marine  
  41  4:50  Marine x2  
  41  4:51  Marine  
  41  4:52  Stimpack, Orbital Command  
  44  4:54  Starport  
  44  5:08  Marine x3  
  46  5:29  Siege Tank  
  46  5:34  Medivac  
  51  5:37  SCV x2  
  51  5:38  Terran Infantry Weapons Level 1, Terran Infantry Armor Level 1  
  53  5:48  Supply Depot  
  53  5:49  Supply Depot  
  49  6:09  SCV x2  
  53  6:16  Marine  
  42  6:20  Siege Tank  
  43  6:28  Medivac  
  45  6:33  Barracks  
  45  6:34  Marine  
  46  6:52  Orbital Command, Marine  
  47  6:58  Supply Depot x2  
  50  7:06  Medivac  
  52  7:10  Marine  
  45  7:23  Marine  
  45  7:25  Factory Tech Lab  
  45  7:28  Marine  
  44  7:41  Marine  
  45  7:45  Siege Tank  
  45  7:46  Marine  
  49  7:55  SCV x2, Barracks  
  51  7:59  Starport Reactor, Marine  
  51  8:03  Marine  
  53  8:16  Marine  
  53  8:17  SCV, Siege Tank  
  58  8:25  Marine  
  59  8:29  SCV  
  59  8:30  SCV  
  60  8:35  Armory  
  58  8:46  SCV x2  
  60  8:49  Siege Tank  
  60  8:51  Marine  
  60  8:54  Barracks Reactor  
  64  8:59  Barracks  
  64  9:09  Medivac  
  66  9:30  Refinery  
  65  9:32  Refinery  
  65  9:44  Barracks  
  65  9:45  Barracks  
  65  9:47  Barracks  
  65  9:49  Command Center  
  65  9:50  Marine x2  
  65  9:52  Barracks Tech Lab  
  67  10:01  Barracks Reactor  
  67  10:03  Medivac  
  69  10:11  Supply Depot x3  
  69  10:12  Supply Depot  
  69  10:27  Marine  
  70  10:31  Combat Shields  
  70  10:32  Marine  
  70  10:33  Medivac, Siege Tank  
  77  10:38  Marine x2  
  78  10:42  Barracks Reactor  
  78  10:46  Barracks Reactor x2  
  78  10:51  Marine  
  79  11:12  Marine x2  
  79  11:13  Marine x2  
  79  11:14  Marine  
  79  11:15  Medivac  
  79  11:16  Medivac  
  88  11:23  Marine x4  
  88  11:24  Marine x2  
  94  11:26  Orbital Command  
  94  11:37  SCV x2  
  96  11:40  Terran Infantry Weapons Level 2  
  96  11:41  Terran Infantry Armor Level 2  
  96  11:43  Marine x6  
  102  11:51  SCV x2  
  102  11:52  SCV  
  105  12:01  Marine x4  
  105  12:02  Marine x2  
  105  12:04  SCV  
  105  12:06  SCV  
  105  12:38  Marine x2  
  105  12:39  Marine x2  
  105  12:40  Marine x6  
  105  12:41  Marine  
  116  12:44  SCV  
  117  13:03  Supply Depot  
  117  13:04  Supply Depot, Refinery  
  117  13:05  Supply Depot  
  117  13:06  Refinery  
  117  13:07  Supply Depot  
  117  13:09  Marine x2  
  117  13:10  SCV, Marine  
  117  13:13  Marine x2  
  117  13:20  SCV, Marine  
  117  13:23  Marine x3  
  117  13:24  SCV  
  117  13:25  SCV, Marine  
  119  13:28  Marine x2  
  119  13:33  SCV  
  117  13:36  SCV  
  117  13:37  SCV  
  117  13:38  Marine x4  
  117  13:41  Marine x2  
  122  13:45  SCV, Marine x2  
  122  13:48  SCV  
  127  13:49  SCV  
  127  13:52  Factory  
  127  13:55  Marine x3  
  131  13:56  Marine  
  131  13:57  SCV  
  131  14:00  SCV, Marine x3  
  132  14:17  Marine x3  
  132  14:18  Marine x5  
  139  14:25  Marine x3  
  139  14:27  Terran Infantry Weapons Level 3  
  142  14:34  Terran Infantry Armor Level 3  
  141  14:41  Marine x4  
  137  14:50  Starport  
  137  14:51  SCV  
  138  14:54  Factory Tech Lab  
  138  15:13  Starport Reactor  
  137  15:14  Marine x2  
  137  15:15  Marine x5  
  137  15:17  SCV x3  
  147  15:29  SCV x2, Starport Reactor  
  147  15:34  Supply Depot  
  149  15:36  Supply Depot  
  149  15:55  Marine x2  
  149  15:56  Siege Tank  
  154  16:00  Marine x3  
  154  16:01  Marine x3  
  154  16:02  Marine x3  
  155  16:05  Medivac x2  
  155  16:07  Medivac  
  155  16:09  Medivac  
  163  16:12  SCV  
  163  16:16  SCV  
  165  16:22  Supply Depot  
  165  16:25  Supply Depot  
  165  16:27  Supply Depot  
  165  16:39  SCV x2  
  155  16:43  Marine x3  
  155  16:44  Marine  
  149  16:47  Marine x5  
  149  16:48  Marine  
  155  16:55  Orbital Command  
  155  16:58  Medivac x4  
  163  17:13  Marine x2  
  163  17:14  Marine  
  163  17:20  Marine x5  
  163  17:21  Marine  
  164  17:24  Marine  
  164  17:28  Medivac x2  
  169  17:31  Marine  
  166  17:56  Marine x4  
  166  17:57  Marine  
  171  17:58  Marine x3  
  171  17:59  Marine x2  
  168  18:14  Medivac x3, Marine x5  
  168  18:16  Marine x3  
  168  18:17  Marine x2  
  184  18:32  Marine x4  
  182  18:35  Marine x2  
  162  18:45  Marine x2  
  162  18:47  Barracks Reactor  
  164  18:54  Marine x4  
  164  18:55  Marine x3  
  171  19:03  Marine  
Tags
 
Composition
Bio Tank
League
Gold
Matchup
TvT
Race
Terran
Add a new tag
Caveats
  • Supply blocks, unpowered buildings, or Contaminate may cause inaccurate times.
  • Supply counts are checked every 10 seconds.